 Dungeon Crawl Stone Soup version 0.27-a0-489-g24c7b1a3ef (webtiles) character file.

Game seed: 3204076541468016869

93 jgkjgkjgkj the Conjurer (level 4, -1/24 HPs)
             Began as a Vampire Conjurer on Mar 1, 2021.
             Slain by a worker ant zombie (5 damage)
             ... on level 3 of the Dungeon.
             The game lasted 00:05:42 (2918 turns).

jgkjgkjgkj the Conjurer (Vampire Conjurer)          Turns: 2918, Time: 00:05:43

Health: -1/24      AC:  2    Str:  6    XL:     4   Next: 37%
Magic:  2/7        EV: 12    Int: 21    God:
Gold:   104        SH:  0    Dex: 12    Spells: 4/7 levels left

rFire    + . .     SeeInvis +   c - +0 dagger
rCold    + . .     Faith    .   (no shield)
rNeg     + + +     Spirit   .   a - +0 robe
rPois    ∞         Reflect  .   (no helmet)
rElec    .         Harm     .   (no cloak)
rCorr    +         Rampage  .   (no gloves)
Will     .....                  (no boots)
Stlth    ++++......             (no amulet)
HPRegen  0.00/turn              b - ring of fire
MPRegen  0.10/turn              i - ring of resist corrosion

@: bloodless
A: fangs 3, see invisible, unbreathing
a: Bat Form, Revivify


You were on level 3 of the Dungeon.
You visited 1 branch of the dungeon, and saw 3 of its levels.

You collected 104 gold pieces.

Inventory:

Hand Weapons
 c - a +0 dagger (weapon)
Missiles
 e - 143 stones (quivered)
 g - 59 arrows
 k - 4 boomerangs
 n - 17 bolts
 o - 25 poisoned darts
Armour
 a - a +0 robe (worn)
Jewellery
 b - a ring of fire (left hand)
 i - a ring of resist corrosion (right hand)
 m - a ring of protection from fire
Scrolls
 f - 4 scrolls of amnesia {unknown}
 h - 3 scrolls of identify {unknown}
 l - a scroll of immolation {unknown}
Potions
 d - 2 potions of heal wounds {unknown}
 j - a potion of magic {unknown}


   Skills:
 - Level 2.1 Dodging
 - Level 3.0 Stealth
 - Level 2.0 Spellcasting
 + Level 4.4 Conjurations


You had 4 spell levels left.
You knew the following spells:

 Your Spells              Type           Power        Failure   Level
a - Magic Dart            Conj           80%          2%          1
b - Searing Ray           Conj           40%          3%          2

Your spell library contained the following spells:

 Spells                   Type           Power        Failure   Level
 Dazzling Flash           Conj/Hex       22%          19%         3
 Fulminant Prism          Conj/Hex       5%           52%         4
 Iskenderun's Mystic Bla  Conj/Tloc      11%          52%         4


Dungeon Overview and Level Annotations

Branches:
Dungeon (3/15)

Altars:
Dithmenos
Ru
Trog
Xom
Yredelemnul


Innate Abilities, Weirdness & Mutations

You do not regenerate when monsters are visible.
You are frail without blood (-20% HP).
You can heal yourself when you bite living creatures.
You are immune to poison.
You have razor-sharp teeth.
You have supernaturally acute eyesight. (SInv)
You can survive without breathing.


Message History

A worker ant zombie is nearby!
The worker ant zombie bites you.
You hit the worker ant zombie but do no damage.
The worker ant zombie waves its antennae.
The worker ant zombie closely misses you.
Casting: Magic Dart (safe; 2% risk of failure)
Confirm with . or Enter, or press ? or * to list all spells.
Aiming: Searing Ray (safe; 3% risk of failure)
Press: ? - help, Shift-Dir - straight line, f - worker ant zombie
Aim: a worker ant zombie (8% to evade)
The searing ray hits the worker ant zombie.
The worker ant zombie is lightly damaged. (Press . to maintain the ray.)
The worker ant zombie bites you.
The searing ray hits the worker ant zombie.
The worker ant zombie is moderately damaged.
The worker ant zombie closely misses you.
The searing ray hits the worker ant zombie.
The worker ant zombie is heavily damaged.
The worker ant zombie completely misses you.
The searing ray hits the worker ant zombie!
The worker ant zombie is severely damaged.
You finish channeling your searing ray.
The worker ant zombie bites you but does no damage.
Casting: Searing Ray (safe; 3% risk of failure)
Confirm with . or Enter, or press ? or * to list all spells.
Aiming: Searing Ray (safe; 3% risk of failure)
Press: ? - help, Shift-Dir - straight line, f/p - worker ant zombie
Aim: a worker ant zombie (severely damaged, 8% to evade)
You miscast Searing Ray.
You are very lightly contaminated with residual magic.
Nothing appears to happen.
The worker ant zombie bites you. The worker ant zombie bites you.
* * * LOW HITPOINT WARNING * * *
Your magical contamination has completely faded away.
Okay, then.
The worker ant zombie bites you. Continue your ritual?
You stop revivifying.
You die...

.. #.#. ## #.#.
#.#.#############
#.#.#.[..<......#
#.#.#.#########.#
#.#.......# #.#
#.###.###.# #.#
#.###.###.## #.#
#....Z@....# #.#
#####.###..####.####
##.......<.........#
##.....###..#######.# ##
##.......##..# #.###.
#.........#..#########_..
#.........#..##......###.
#.........#..##.####.# ##
##.......##..##.# #.# #.


You could see a worker ant zombie.

Vanquished Creatures
  2 adders
  An ooze (D:2)
  2 worms
  A dart slug (D:1)
  6 leopard geckos
  7 bats
  4 giant cockroaches
  8 hobgoblins
  2 jackals (D:2)
  4 kobolds
  2 ball pythons
  4 frilled lizards
  5 goblins
  7 rats
55 creatures vanquished.

Notes
Turn   | Place    | Note
-------+----------+-------------------------------------------
     0 | D:1      | jgkjgkjgkj the Vampire Conjurer began the quest for the
                  | Orb.
     0 | D:1      | Reached XP level 1. HP: 13/13 MP: 3/3
    21 | D:1      | Reached skill level 3 in Conjurations
   447 | D:1      | Reached XP level 2. HP: 14/15 MP: 3/5
   675 | D:1      | Learned a level 2 spell: Searing Ray
  1223 | D:1      | Reached XP level 3. HP: 4/19 MP: 1/6
  1611 | D:2      | Reached skill level 4 in Conjurations
  2414 | D:2      | Reached XP level 4. HP: 24/24 MP: 4/7
  2446 | D:2      | Found a shadowy altar of Dithmenos.
  2472 | D:2      | Found a shimmering altar of Xom.
  2752 | D:3      | Found a sacrificial altar of Ru.
  2761 | D:3      | Found a basalt altar of Yredelemnul.
  2769 | D:3      | Found a bloodstained altar of Trog.
  2918 | D:3      | Slain by a worker ant zombie

Illustrated notes

Levels and vault maps discovered:
D:1:      minmay_arrival_diagonal_passages, layout_basic
D:2:      layout_loops_ring, brannock_xom_greatest_gift, lemuel_crystal_altar,
          grunt_ministairs_1
D:3:      layout_loops_ring, minmay_overflow_temple_star_quad,
          roderic_roman_lattice

Skill      XL: |  1  2  3 |
---------------+----------+-----
Conjurations   | 3 4 |  4.4
Dodging        | |  2.1
Stealth        | |  3.0
Spellcasting   | |  2.0

Action                   |  1- 3 |  4- 6 || total
-------------------------+-------+-------++-------
Melee: Dagger            |    62 |     6 ||    68
       Bite              |     4 |       ||     4
Throw: Stone             |     1 |     2 ||     3
 Cast: Magic Dart        |    39 |     8 ||    47
       Searing Ray       |    12 |     2 ||    14
 Abil: Exsanguinate      |     1 |       ||     1
       Revivify          |       |     1 ||     1
 Stab: Sleeping          |    10 |     3 ||    13
Armor: Robe              |    20 |     1 ||    21
Dodge: Dodged            |    44 |     7 ||    51

Table legend: (Time is in decaauts)
 A = Elapsed time spent in this place.
 B = Non-inter-level travel time spent in this place.
 C = Inter-level travel time spent in this place.
 D = Time resting spent in this place.
 E = Time spent auto-exploring this place.
 F = Levels seen in this place.
 G = Mean time per level.
                   A        B        C        D        E       F      G
               +--------+--------+--------+--------+--------+-----+--------+
         Total |   2918 |   2868 |     50 |    384 |   1934 |   3 |  972.7 |
       Dungeon |   2918 |   2868 |     50 |    384 |   1934 |   3 |  972.7 |
               +--------+--------+--------+--------+--------+-----+--------+

Top non-repeatable levels by time:
     D:1: 1495 daAuts
     D:2: 1136 daAuts
     D:3: 285 daAuts
